[Event "Chess House GM-Tourney 2018"]
[Site "Aarhus"]
[Date "2018.02.09"]
[Round "1.4"]
[White "Olsen, Filip Boe"]
[Black "Matthiesen, Martin"]
[Result "1-0"]
[ECO "A40"]
[WhiteElo "2300"]
[BlackElo "2314"]
[Annotator "NA"]
[PlyCount "79"]
[EventDate "2018.??.??"]
[EventType "tourn"]
[EventCountry "DEN"]
[SourceTitle "playchess.com"]
[Source "ChessBase"]
[SourceQuality "1"]
[TimeControl "40/5400+30:1800+30"]

1. d4 Nf6 2. c4 e6 3. g3 c5 4. Nf3 cxd4 5. Nxd4 d5 6. Bg2 e5 7. Nf3 d4 8. O-O Nc6 9. e3 Be7 10. exd4 exd4 11. b3 O-O 12. Bb2 d3 13. Nc3 Bf5 14. Qd2 Qd7 15. Rfe1 Rfe8 16. Ne5 Nxe5 17. Rxe5 Rad8 18. Rae1 b6 19. Nb5 Bc5 20. b4 Bf8 21. Nd4 Bg6 22. a3 Rxe5 23. Rxe5 Rc8 24. Qc3 Bd6 25. Re3 h5 26. h4 Qc7 27. Nc6 Re8 28. Rxe8+ Nxe8 29. Qd4 Nf6 30. Nxa7 Bxg3 31. fxg3 Qxg3 32. Qf2 Qg4 33. Bxf6 gxf6 34. Kf1 Qxc4 35. Qd2 Qxh4 36. Nc6 Kf8 37. Qh6+ Ke8 38. Qh8+ Kd7 39. Qd8+ Ke6 40. Qd5# 1-0

[Event "Chess House GM-Tourney 2018"]
[Site "Aarhus"]
[Date "2018.02.09"]
[Round "1.5"]
[White "Miedema, David"]
[Black "Bjerre, Jonas Buhl"]
[Result "0-1"]
[ECO "E32"]
[WhiteElo "2371"]
[BlackElo "2368"]
[Annotator "NA"]
[PlyCount "76"]
[EventDate "2018.??.??"]
[EventType "tourn"]
[EventCountry "DEN"]
[SourceTitle "playchess.com"]
[Source "ChessBase"]
[SourceQuality "1"]
[TimeControl "40/5400+30:1800+30"]

1. d4 Nf6 2. c4 e6 3. Nc3 Bb4 4. Qc2 O-O 5. Nf3 c5 6. dxc5 Na6 7. c6 bxc6 8. e3 d5 9. a3 Bxc3+ 10. Qxc3 Nc5 11. Qc2 Ba6 12. b4 Nce4 13. Ne5 Rc8 14. Qa4 Nxf2 15. Qxa6 Nxh1 16. Ra2 Ne4 17. Nf3 Qf6 18. Rc2 g5 19. Bb2 Qh6 20. g3 g4 21. Ne5 Qxe3+ 22. Re2 Qb3 23. Qxa7 c5 24. Qe7 Qa2 25. Nd3 Qb1+ 26. Nc1 cxb4 27. Qh4 f6 28. Qxg4+ Kh8 29. Rg2 Nhf2 30. Rxf2 Nxf2 31. Qd4 bxa3 32. Bxa3 Qe4+ 33. Ne2 Nd3+ 34. Kd2 Ne5 35. Qxe4 dxe4 36. Bxf8 Nxc4+ 37. Ke1 Rxf8 38. Nf4 e5 0-1

[Event "Chess House GM-Tourney 2018"]
[Site "Aarhus"]
[Date "2018.02.10"]
[Round "2.4"]
[White "Miedema, David"]
[Black "Olsen, Filip Boe"]
[Result "1-0"]
[ECO "D85"]
[WhiteElo "2371"]
[BlackElo "2300"]
[Annotator "NA"]
[PlyCount "59"]
[EventDate "2018.??.??"]
[EventType "tourn"]
[EventCountry "DEN"]
[SourceTitle "playchess.com"]
[Source "ChessBase"]
[SourceQuality "1"]
[TimeControl "40/5400+30:1800+30"]

1. d4 Nf6 2. c4 g6 3. Nc3 d5 4. cxd5 Nxd5 5. e4 Nxc3 6. bxc3 Bg7 7. Nf3 O-O 8. Be3 c5 9. Rc1 Qa5 10. Qd2 Rd8 11. Be2 Nc6 12. d5 e6 13. c4 Qxd2+ 14. Kxd2 Nd4 15. Rhd1 b6 16. Bxd4 cxd4 17. Ke1 e5 18. c5 bxc5 19. Rxc5 f5 20. Bc4 fxe4 21. Ng5 h6 22. d6+ Kf8 23. Nf7 Rd7 24. Rb1 Ba6 25. Bxa6 Rxf7 26. Rc7 Bf6 27. Rbb7 Rg7 28. Bc4 Rd8 29. Rf7+ Ke8 30. Bb5+ 1-0

[Event "Chess House GM-Tourney 2018"]
[Site "Aarhus"]
[Date "2018.02.10"]
[Round "2.5"]
[White "Bjerre, Jonas Buhl"]
[Black "Thogersen, Rasmus"]
[Result "0-1"]
[ECO "B52"]
[WhiteElo "2368"]
[BlackElo "2334"]
[Annotator "NA"]
[PlyCount "92"]
[EventDate "2018.??.??"]
[EventType "tourn"]
[EventCountry "DEN"]
[SourceTitle "playchess.com"]
[Source "ChessBase"]
[SourceQuality "1"]
[TimeControl "40/5400+30:1800+30"]

1. e4 c5 2. Nf3 d6 3. Bb5+ Bd7 4. Bxd7+ Nxd7 5. O-O Ngf6 6. Qe2 e6 7. c4 Be7 8. b3 O-O 9. Bb2 a6 10. d4 cxd4 11. Nxd4 Rc8 12. Nc3 Re8 13. Rad1 Qa5 14. f4 Rc7 15. Rfe1 Qh5 16. Qxh5 Nxh5 17. g3 h6 18. e5 dxe5 19. fxe5 Rd8 20. Nf3 g5 21. Ne4 g4 22. Nh4 b5 23. Bc3 Rb8 24. Ba5 Ra7 25. Nd6 bxc4 26. Nxc4 Ng7 27. Re4 h5 28. Kg2 Bxh4 29. gxh4 Nf5 30. h3 Nc5 31. Rf4 Nxh4+ 32. Kf2 Ng6 33. Rfd4 gxh3 34. Kg3 Rb5 35. Bd8 a5 36. Bf6 a4 37. Rd8+ Kh7 38. Nd6 Rb4 39. Rc8 Rg4+ 40. Kxh3 axb3 41. Rxc5 Nf4+ 42. Kh2 Rxa2+ 43. Kh1 Rgg2 44. Rc8 Rh2+ 45. Kg1 Rag2+ 46. Kf1 Rh1# 0-1

[Event "Chess House GM-Tourney 2018"]
[Site "Aarhus"]
[Date "2018.02.13"]
[Round "4"]
[White "Miedema, David"]
[Black "Teplyi, Igor"]
[Result "1-0"]
[ECO "E10"]
[WhiteElo "2371"]
[BlackElo "2402"]
[Annotator "ChessBase"]
[PlyCount "139"]
[EventDate "2018.??.??"]
[EventType "tourn"]
[EventCountry "DEN"]
[SourceTitle "playchess.com"]
[Source "ChessBase"]
[SourceQuality "1"]
[TimeControl "40/5400+30:1800+30"]

1. d4 Nf6 2. c4 e6 3. Nf3 a6 4. Nc3 d5 5. cxd5 exd5 6. Bg5 Be6 7. e3 Nbd7 8. Be2 Bd6 9. O-O O-O 10. e4 dxe4 11. Nxe4 Be7 12. Bd3 Re8 13. Ng3 c6 14. Nf5 Bxf5 15. Bxf5 Nd5 16. Bxe7 Rxe7 17. Re1 Rxe1+ 18. Qxe1 N7f6 19. Qd2 Qd6 20. Re1 Rd8 21. g3 Kf8 22. Qc1 Nc7 23. Qc4 g6 24. Bc2 Nfd5 25. a3 Kg7 26. Qb3 Qf6 27. Kg2 Nb5 28. Re4 Ndc7 29. Rf4 Qe6 30. Qd3 Nd5 31. Re4 Qf6 32. h4 Nd6 33. Re5 Nc7 34. Bb3 Nf5 35. Qe4 Nb5 36. d5 Nbd6 37. Qb4 cxd5 38. Bxd5 Ne7 39. h5 h6 40. hxg6 Nxg6 41. Rh5 b5 42. Nh4 Ne7 43. Bf3 Nc4 44. b3 Nd2 45. Bb7 Rd6 46. a4 bxa4 47. bxa4 Qd4 48. Qxd4+ Rxd4 49. Re5 Ng6 50. Nf5+ Kf6 51. Ra5 Rb4 52. Bc8 Ne4 53. Rxa6+ Ke5 54. Ra5+ Kf6 55. Ra6+ Kg5 56. Ra5 Kf6 57. Nxh6 Ne5 58. Ra6+ Ke7 59. Bf5 Nc5 60. Ra7+ Rb7 61. Rxb7+ Nxb7 62. Bc2 Kd6 63. f4 Nc4 64. Bb3 Nca5 65. Bxf7 Ke7 66. Bg6 Nc4 67. Kf2 Nc5 68. Bc2 Nb2 69. a5 Nc4 70. a6 1-0